 Dungeon Crawl Stone Soup version 0.30-a0-883-g5ad918d77d (webtiles) character file.

Game seed: 6574198104849013322

46 pokedragonboy the Grasshopper (level 3, 0/33 HPs)
             Began as a Naga Warper on Mar 16, 2023.
             Slain by a goblin
             ... wielding a +0 club
             ... led by Robin
              (4 damage)
             ... on level 2 of the Dungeon.
             The game lasted 00:02:56 (1223 turns).

pokedragonboy the Grasshopper (Naga Warper)         Turns: 1223, Time: 00:02:57

Health: 0/33       AC:  3    Str: 15    XL:     3   Next: 66%
Magic:  6/6        EV:  9    Int: 13    God:
Gold:   107        SH:  0    Dex: 10    Spells: 1/6 levels left

rFire   . . .      SeeInvis +    a - +0 spear
rCold   . . .      Faith    .    (no shield)
rNeg    . . .      Spirit   .    b - +0 leather armour
rPois   +          Reflect  .    j - +0 helmet
rElec   .          Rampage  .    (no cloak)
rCorr   .                        (no gloves)
Will    .....                    (no barding)
Stlth   +                        (no amulet)
HPRegen 0.25/turn                (no ring)
MPRegen 0.10/turn                (no ring)

@: very slow
A: AC +1, large, see invisible, deformed body, poison resistance, slowness 2,
spit poison 1, naga tail 1
a: Spit Poison


You were on level 2 of the Dungeon.
You visited 1 branch of the dungeon, and saw 2 of its levels.

You collected 107 gold pieces.

Inventory:

Hand Weapons
 a - a +0 spear (weapon)
 k - a +1 dagger of electrocution
Missiles
 d - 6 boomerangs of dispersal
 f - 6 atropa-tipped darts
 m - 4 poisoned darts
Armour
 b - a +0 leather armour (worn)
 j - a +0 helmet (worn)
 l - a +0 plate armour
Scrolls
 c - a scroll of blinking
 e - 2 scrolls of teleportation {unknown}
 h - a scroll of vulnerability {unknown}
 i - a scroll of fog {unknown}
Potions
 g - a potion of attraction {unknown}


   Skills:
 + Level 2.5 Fighting
 * Level 3.0 Polearms
 - Level 0.8 Throwing
 - Level 1.0 Armour
 + Level 2.0 Dodging
 - Level 2.0 Spellcasting
 - Level 3.0 Translocations


You had one spell level left.
You knew the following spells:

 Your Spells              Type           Power      Damage    Failure   Level
a - Lesser Beckoning      Tloc           18%        N/A       14%         2
b - Teleport Other        Tloc           9%         N/A       26%         3

Your spell library contained the following spells:

 Spells                   Type           Power      Damage    Failure   Level
 Blink                    Tloc           18%        N/A       14%         2
 Vhi's Electric Charge    Tloc/Air       10%        N/A       45%         3
 Manifold Assault         Tloc           9%         N/A       65%         4


Dungeon Overview and Level Annotations

Branches:
Dungeon (2/15)

Altars:
Uskayaw

Annotations:
D:2 Robin


Innate Abilities, Weirdness & Mutations

Your serpentine skin is tough. (AC +1)
You have supernaturally acute eyesight. (SInv)
Armour fits poorly on your strangely shaped body.
Your system is resistant to poisons. (rPois)
You cover ground very slowly.
You can spit poison.
You have a snake-like lower body.


Message History

You barely miss the goblin.
The goblin is moderately wounded.
Robin throws the goblin at you! The goblin hits you but does no damage.
Unknown command.
Aiming: Spit Poison (2% risk of failure)
Press: ? - help, Q - select action, (/) - cycle Shift-Dir - straight line, f - Robin
Aim: Robin, wielding a +1 spectral club, wearing a +0 animal skin and wearing a +0 helmet (70% to hit)
The splash of poison hits the hobgoblin.
The hobgoblin is poisoned.
The hobgoblin is heavily wounded.
The hobgoblin hits you but does no damage.
The goblin hits you but does no damage.
Unknown command.
You miss the goblin.
The goblin is moderately wounded.
The hobgoblin closely misses you. The goblin completely misses you.
Unknown command.
You barely miss the goblin.
The goblin is moderately wounded.
The hobgoblin barely misses you. The goblin hits you with a +0 club.
Unknown command.
You hit Robin.
Robin is moderately wounded.
Robin roars a battlecry!
The goblins go into a battle-frenzy!
The hobgoblin completely misses you. The goblin hits you with a +0 club.
Unknown command.
You hit the hobgoblin.
You kill the hobgoblin!
The goblin hits you with a +0 club.
You hit Robin but do no damage.
Robin is moderately wounded.
Robin completely misses you. The goblin barely misses you. x2
Unknown command.
You barely miss the goblin.
You have got your breath back.
Robin hits you with a +1 spectral club. The goblin hits you with a +0 club.
* * * LOW HITPOINT WARNING * * *
The goblin hits you with a +0 club.
You die...

###.....##.### #....#..P#
###......# ########....PP.P
##...#.............#.P♣♣P
#######.#########....##.P♣♣.
..........####......###..♣P.
...........>...###.......P.#
.......##.###### #.##......#
....... #.### .. ###....#
#####♣♣ ♣♣g@# #.# #....#
♣#gg.....# #....# .g.......
#....# ♣######.#. .##### #
#. ##


You could see Robin and 3 goblins.

Vanquished Creatures
  An adder (D:2)
  A dart slug (D:1)
  2 ball pythons
  An endoplasm (D:1)
  2 giant cockroaches (D:1)
  6 goblins
  6 hobgoblins
  3 kobolds
  A quokka (D:1)
  A bat (D:1)
  3 frilled lizards (D:1)
  5 rats
32 creatures vanquished.

Notes
Turn   | Place    | Note
-------+----------+-------------------------------------------
     0 | D:1      | pokedragonboy the Naga Warper began the quest for the Orb.
     0 | D:1      | Reached XP level 1. HP: 19/19 MP: 3/3
   149 | D:1      | Reached skill level 1 in Armour
   149 | D:1      | Reached XP level 2. HP: 26/26 MP: 5/5
   165 | D:1      | Learned a level 2 spell: Lesser Beckoning
   716 | D:1      | Reached XP level 3. HP: 33/33 MP: 6/6
   954 | D:1      | Learned a level 3 spell: Teleport Other
  1141 | D:2      | Found a hide-covered altar of Uskayaw.
  1209 | D:2      | Noticed Robin
  1223 | D:2      | Slain by a goblin

Illustrated notes

Levels and vault maps discovered:
D:1:      dpeg_arrival_oval, layout_loops_corners, minmay_misc_feat_square
D:2:      layout_rooms, serial_forest, infiniplex_forest_straight_4,
          infiniplex_forest_straight_4, infiniplex_forest_fountain,
          infiniplex_forest_lined_corner, infiniplex_forest_straight_3,
          infiniplex_forest_clump_small, infiniplex_forest_lined_room_3,
          infiniplex_forest_lined_3_way, basic_altar, uniq_sigmund,
          uniq_terence, uniq_robin

Skill      XL: |  1  2  3 |
---------------+----------+-----
Armour         | 1 |  1.0
Dodging        | 2 |  2.0
Polearms       | 3 |  3.0
Fighting       | |  2.5
Throwing       | |  0.8
Spellcasting   | |  2.0
Translocations | |  3.0

Action                     || total
---------------------------++-------
  Melee: Spear             ||    98
         Punch             ||     1
  Throw: Boomerang         ||     1
Ability: Spit Poison       ||     4
 Armour: Leather armour    ||    16
  Dodge: Dodged            ||    40

Table legend: (Time is in decaauts)
 A = Elapsed time spent in this place.
 B = Non-inter-level travel time spent in this place.
 C = Inter-level travel time spent in this place.
 D = Time resting spent in this place.
 E = Time spent auto-exploring this place.
 F = Levels seen in this place.
 G = Mean time per level.
                   A        B        C        D        E       F      G
               +--------+--------+--------+--------+--------+-----+--------+
         Total |   1608 |   1567 |     41 |      0 |   1318 |   2 |  804.0 |
       Dungeon |   1608 |   1567 |     41 |      0 |   1318 |   2 |  804.0 |
               +--------+--------+--------+--------+--------+-----+--------+

Top non-repeatable levels by time:
     D:1: 1312 daAuts
     D:2: 295 daAuts
